 Dungeon Crawl Stone Soup version 0.31-a0-188-g5e087ee2ca (webtiles) character file.

Game seed: 18298283631814704162

92 qw the Shooter (level 4, -1/25 HPs)
             Began as a Deep Elf Hunter on June 23, 2023.
             Succumbed to an adder's poison
             ... on level 3 of the Dungeon.
             The game lasted 00:00:37 (1151 turns).

qw the Shooter (Deep Elf Hunter)                    Turns: 1151, Time: 00:00:38

Health: -1/25      AC:  6    Str: 10    XL:     4   Next: 35%
Magic:  6/6        EV: 11    Int: 14    God:
Gold:   93         SH:  0    Dex: 18    Spells: 3/3 levels left

rFire   . . .        Y - +0 shortbow
rCold   . . .        (shield currently unavailable)
rNeg    . . .        g - +0 ring mail
rPois   .            d - +0 helmet
rElec   .            (no cloak)
rCorr   .            (no gloves)
SInv    .            (no boots)
Will    .....        f - amulet of faith
Stlth   +            (no ring)
HPRegen 0.24/turn    (no ring)
MPRegen 0.10/turn

%: faith
@: lethally poisoned (-1 -> -5)
A: no striking features
a: no special abilities


You were on level 3 of the Dungeon.
You visited 1 branch of the dungeon, and saw 3 of its levels.

You collected 93 gold pieces.


   Skills:
 - Level 1.5 Fighting
 + Level 7.8 Ranged Weapons
 - Level 2.4 Dodging
 - Level 1.2 Stealth


You had 3 spell levels left.
You didn't know any spells.
Your spell library was empty.

Inventory:

Hand Weapons
 Y - a +0 shortbow (weapon)
Armour
 d - a +0 helmet (worn)
 g - a +0 ring mail (worn)
Jewellery
 f - an amulet of faith (around neck)
Potions
 h - a potion of curing {unknown}
 i - a potion of degeneration {unknown}
 j - a potion of cancellation {unknown}

Dungeon Overview and Level Annotations

Branches:
Dungeon (3/15)

Altars:

Shops:
D:2 [


Message History

The hobgoblin is almost dead.
The adder bites you but does no damage. The adder closely misses you.
The hobgoblin hits you but does no damage.
You shoot an arrow. The arrow hits the hobgoblin.
You kill the hobgoblin!
The adder bites you.
You are poisoned.
The adder poisons you!
You shoot an arrow. The arrow closely misses the adder.
The arrow hits the endoplasm.
The endoplasm is almost dead.
You feel sick. The adder bites you but does no damage. The quokka bites you.
The hobgoblin barely misses you. The rat bites you but does no damage.
The adder bites you but does no damage.
You shoot an arrow. The arrow misses the adder.
The arrow hits the endoplasm.
You kill the endoplasm!
You feel sick. The quokka closely misses you. The adder barely misses you.
The rat barely misses you. The hobgoblin barely misses you.
The quokka bites you.
You shoot an arrow. The arrow hits the adder.
The adder is severely wounded.
You feel sick. The adder bites you.
You are more poisoned.
The adder poisons you! The quokka closely misses you.
The rat bites you but does no damage. The hobgoblin barely misses you.
The adder closely misses you.
You shoot an arrow. The arrow hits the adder.
You kill the adder!
You feel very sick. The quokka closely misses you. The rat bites you.
The hobgoblin hits you but does no damage.
The quokka barely misses you.
You shoot an arrow. The arrow hits the quokka.
The quokka is almost dead.
You feel sick. The hobgoblin closely misses you. The rat barely misses you.
The hobgoblin hits you. The quokka bites you. The rat barely misses you.
The hobgoblin hits you but does no damage. x2
You shoot an arrow. The arrow hits the quokka.
You kill the quokka!
You die...

.# .##
#####..
#....#
#....# .
##....# ...
#.<..%#....<
#..[@g).>...
#...rg..##..
#.........#
#...........
#######.#.#.
.# .. # .


You could see 2 hobgoblins and a rat.

Vanquished Creatures
  A gnoll (D:1)
  2 adders
  A worm (D:2)
  2 dart slugs (D:2)
  6 bats
  5 endoplasms
  3 giant cockroaches
  6 hobgoblins
  5 kobolds
  6 quokkas
  5 ball pythons
  3 frilled lizards (D:1)
  3 goblins (D:1)
  7 rats
55 creatures vanquished.

Notes
Turn   | Place    | Note
-------+----------+-------------------------------------------
     0 | D:1      | qw the Deep Elf Hunter began the quest for the Orb.
     0 | D:1      | Reached XP level 1. HP: 12/12 MP: 3/3
     0 | D:1      | 0 ||| qw: Version: 0.3-a-9-g12657ce
     0 | D:1      | 0 ||| qw: Game counter: 4255
     0 | D:1      | 0 ||| qw: Always use a shield: true
     0 | D:1      | 0 ||| qw: God list: Okawaru
     0 | D:1      | 0 ||| qw: Allow faded altars: false
     0 | D:1      | 0 ||| qw: Do Orc after D:15 true
     0 | D:1      | 0 ||| qw: Do second Lair branch before Depths: true
     0 | D:1      | 0 ||| qw: Lair rune preference: random
     0 | D:1      | 0 ||| qw: Plans: Normal
     0 | D:1      | 0 ||| PLANNING D:1-11
    67 | D:1      | Reached skill level 6 in Ranged Weapons
    67 | D:1      | Reached XP level 2. HP: 16/16 MP: 4/4
   370 | D:1      | Reached XP level 3. HP: 20/20 MP: 5/5
   567 | D:1      | 567 ||| UPGRADING to +0 ring mail.
   577 | D:1      | 577 ||| DROPPING +0 leather armour.
   578 | D:1      | 578 ||| UPGRADING to amulet of faith.
   583 | D:1      | 583 ||| READING scroll labelled JEMEZY FUNEA.
   584 | D:1      | 584 ||| READING 2 scrolls labelled ZOTICHURPHAZI.
   585 | D:1      | 585 ||| DROPPING scroll of butterflies.
   586 | D:1      | 586 ||| DROPPING scroll of vulnerability.
   638 | D:2      | Reached skill level 7 in Ranged Weapons
  1015 | D:2      | Reached XP level 4. HP: 25/25 MP: 6/6
  1019 | D:2      | Found Sutuekus's Armour Boutique.
  1049 | D:2      | 1049 ||| SHOPLISTING +5 pearl dragon scales "Goly" {Rampage
                  | +Inv rF+++ rN+ Will-} (1717 gold, have 78).
  1110 | D:2      | 1110 ||| UPGRADING to +0 helmet.
  1115 | D:2      | 1115 ||| READING scroll labelled GATWAVO DENO.
  1116 | D:2      | 1116 ||| READING scroll labelled ICZOAB SAWKOY.
  1117 | D:2      | 1117 ||| READING scroll labelled JASAGA VEJ DAE.
  1118 | D:2      | 1118 ||| READING scroll labelled UBYSYNTENG.
  1150 | D:3      | HP: 4/25 [hobgoblin (3)]
  1150 | D:3      | HP: 1/25 [quokka (3)]
  1151 | D:3      | Succumbed to an adder's poison

Levels and vault maps discovered:
D:1:      onia_arrival_mini_spirals, layout_basic
D:2:      layout_basic, serial_shops, shop, grunt_ministairs_3
D:3:      layout_rooms, mainiacjoe_overflow_small_starburst,
          shapermc_ecumenical_altar_totnotflames, corexii_shack,
          nicolae_figureground_pulse, uniq_robin

Skill      XL: |  1  2  3 |
---------------+----------+-----
Ranged Weapons | 6 7 |  7.8
Fighting       | |  1.5
Dodging        | |  2.4
Stealth        | |  1.2

Action                     |  1- 3 |  4- 6 || total
---------------------------+-------+-------++-------
   Fire: Shortbow          |   107 |    28 ||   135
    Use: Scroll            |     2 |     4 ||     6
 Armour: Leather armour    |     4 |       ||     4
         Ring mail         |     3 |    12 ||    15
  Dodge: Dodged            |    10 |    15 ||    25

Table legend:
 A = Non-vault XP
 B = Vault XP
 C = Vault XP percentage of total XP
 D = Non-vault monster count
 E = Vault monster count
 F = Vault count percentage of total count
                 A         B        C        D         E       F
            +---------+---------+-------+---------+---------+-------
      Total |     130 |       4 |   3.0 |      53 |       2 |   3.6
            +---------+---------+-------+---------+---------+-------
        D:1 |      58 |       0 |   0.0 |      28 |       0 |   0.0
        D:2 |      50 |       4 |   7.4 |      20 |       2 |   9.1
        D:3 |      22 |       0 |   0.0 |       5 |       0 |   0.0
            +---------+---------+-------+---------+---------+-------
